 Dungeon Crawl Stone Soup version 0.28.0-47-ge53b351184 (webtiles) character file.

Game seed: 2973771964549436235

25925 Peloso the Carver (level 12, -26/110 HPs)
             Began as a Minotaur Fighter on Apr 29, 2022.
             Was the Champion of Okawaru.
             Annihilated by an orc warlord
             ... wielding a +0 battleaxe
              (35 damage)
             ... on level 1 of the Orcish Mines.
             The game lasted 00:27:54 (15873 turns).

Peloso the Carver (Minotaur Fighter)               Turns: 15873, Time: 00:27:55

Health: -26/110    AC: 20    Str: 30    XL:     12   Next: 93%
Magic:  12/12      EV:  8    Int:  5    God:    Okawaru [******]
Gold:   1301       SH: 11    Dex: 12    Spells: 11/11 levels left

rFire   . . .      SeeInvis .   a - +5 falchion "Lad Kigg" {vorpal, Fly}
rCold   . . .      Faith    .   e - +0 kite shield
rNeg    . . .      Spirit   .   g - +0 plate armour
rPois   +          Reflect  .   (helmet restricted)
rElec   .          Harm     .   G - +1 cloak {Will+}
rCorr   .          Rampage  .   (no gloves)
Will    +....                   u - +0 pair of boots
Stlth   ..........              s - amulet of regeneration
HPRegen 1.08/turn               h - ring of poison resistance
MPRegen 0.13/turn               n - +6 ring of strength

@: flying, studying Axes
A: horns 2, retaliatory headbutt
a: Renounce Religion, Heroism, Finesse, Duel


You were on level 1 of the Orcish Mines.
You worshipped Okawaru.
Okawaru was exalted by your worship.
You visited 4 branches of the dungeon, and saw 18 of its levels.

You collected 1301 gold pieces.

Inventory:

Hand Weapons
 a - the +5 falchion "Lad Kigg" (weapon) {vorpal, Fly}
   (You took it off a gnoll on level 4 of the Dungeon)

   It inflicts extra damage upon your enemies.
   Fly:       It grants you flight.
 b - a +3 demon blade of draining
Missiles
 y - 5 throwing nets (quivered)
Armour
 c - a +0 buckler
 e - a +0 kite shield (worn)
 g - a +0 plate armour (worn)
 u - a +0 pair of boots (worn)
 G - a +1 cloak of willpower (worn)
Jewellery
 h - a ring of poison resistance (left hand)
 n - a +6 ring of strength (right hand)
 q - a ring of magical power
 s - an amulet of regeneration (around neck)
 z - an amulet of guardian spirit
 E - a ring of resist corrosion
 K - a ring of flight
 L - a ring of willpower
 N - a +6 ring of dexterity
Wands
 f - a wand of mindburst (6)
 i - a wand of paralysis (2)
 m - a wand of iceblast (29)
 A - a wand of digging (9)
 F - a wand of polymorph (18)
Scrolls
 l - a scroll of blinking
 p - a scroll of magic mapping
 r - 3 scrolls of enchant weapon
 t - a scroll of noise
 w - a scroll of brand weapon {unknown}
 x - 3 scrolls of amnesia
 B - 3 scrolls of teleportation
 M - 2 scrolls of identify
 O - a scroll of summoning {unknown}
 P - a scroll of acquirement {unknown}
Potions
 d - 2 potions of might
 j - 2 potions of haste
 k - a potion of berserk rage {unknown}
 v - a potion of brilliance
 C - 2 potions of magic
 D - 2 potions of mutation
 H - a potion of curing
 I - a potion of attraction {unknown}
 J - a potion of cancellation {unknown}
Miscellaneous
 o - a lightning rod (4/4)


   Skills:
 + Level 11.5 Fighting
 + Level 14.9 Long Blades
 + Level 14.0 Armour
 + Level 2.8 Dodging
 + Level 3.3 Stealth
 + Level 11.1 Shields
 + Level 2.6 Invocations
 + Level 3.1 Evocations


You had 11 spell levels left.
You didn't know any spells.
Your spell library contained the following spells:

 Spells                   Type           Power      Damage    Failure   Level
 Apportation              Tloc           0%         N/A       100%        1
 Ensorcelled Hibernation  Hex/Ice        0%         N/A       100%        2
 Gell's Gravitas          Tloc           0%         N/A       100%        3
 Spider Form              Tmut/Pois      0%         N/A       100%        3
 Teleport Other           Tloc           0%         N/A       100%        3
 Anguish                  Hex/Necr       0%         N/A       100%        4
 Alistair's Intoxication  Tmut/Pois      0%         N/A       100%        5
 Dispersal                Tloc           0%         N/A       100%        6


Dungeon Overview and Level Annotations

Branches:
Dungeon (13/15)            Temple (1/1) D:4            Lair (2/6) D:10
  Swamp (0/4) Lair:2          Orc (2/2) D:9
  Snake: Lair:2-4    Spider: Lair:2-4       Elf: Orc:2       Vaults: D:13-14

Altars:
Ashenzari
Cheibriados
Dithmenos
Elyvilon
Fedhas
Gozag
Hepliaklqana
Kikubaaqudgha
Makhleb
Nemelex Xobeh
Okawaru
Qazlal
Ru
Sif Muna
Trog
Uskayaw
Vehumet
Wu Jian
Xom
Yredelemnul
Zin
The Shining One
Beogh

Shops:
D:11 *   D:12 (

Annotations:
Lair:1 exclusion: oklob plant


Innate Abilities, Weirdness & Mutations

You have a pair of horns on your head.
You reflexively headbutt those who attack you in melee.


Message History

You slash the orc warlord!
The orc warlord is heavily wounded.
You hit the orc warlord. Your headbutt misses the orc warlord.
The orc warlord is heavily wounded.
The orc no longer looks unusually strong.
The orc warlord barely misses you.
You barely miss the orc warlord.
The orc warlord is heavily wounded.
You hit the orc warlord.
You headbutt the orc warlord, but do no damage.
The orc warlord is severely wounded.
The orc warlord hits you with a +0 battleaxe!!
You hit the orc warlord but do no damage.
Your headbutt misses the orc warlord.
The orc warlord is heavily wounded.
The orc warlord roars a battlecry!
You slash the orc warlord!
The orc warlord is severely wounded.
You block the orc warlord's attack.
You hit the orc warlord.
You headbutt the orc warlord, but do no damage.
The orc warlord is severely wounded.
You hit the orc warlord but do no damage.
You headbutt the orc warlord!
The orc warlord is almost dead.
You block the orc warlord's attack.
You hit the orc warlord but do no damage.
The orc warlord is almost dead.
The orc warlord hits you with a +0 battleaxe!
* * * LOW HITPOINT WARNING * * *
You slash the orc warlord!
The orc warlord is almost dead.
You feel like a meek peon again.
You hit the orc warlord but do no damage.
The orc warlord is almost dead.
The orc warlord hits you with a +0 battleaxe!!
* * * LOW HITPOINT WARNING * * *
You feel better.
The orc warlord hits you with a +0 battleaxe!!
You die...

##...### #......###
...#.).# #......#.##
...#.[<## ####...##....#
..###...# #.#[[#####...#
...##...# ##.>..##...###
...#...## ######)o.#..##
.#....#####..###.ooo..#
###.### #.#...#####...#
.....#####...###@#...####
.......#......###oo#....##
..##...#..###..#o..#.....##
..###.....####...####...#.#
..##......##.......#...####
..............#....#....#
##...#.##....#####...####
#...#####....# #..## ##...#
##...# ####


You could see an orc warlord and an orc (strong).

Vanquished Creatures
  Nessos (D:12)
  A hydra (D:12)
  A boulder beetle (D:12)
  The ghost of CryoSword the Grappler, a journeyman VSTm of Kikubaaqudgha (D:10)
  2 two-headed ogres (D:9)
  Nergalle (D:12)
  An orc knight (D:9)
  The ghost of Tali the Chopper, a novice DsBe of Trog (D:7)
  Pikel (D:5)
  An orc sorcerer (Orc:1)
  5 cyclopes
  A manticore (D:11)
  A moth of wrath (D:7)
  An ugly thing (D:12)
  A cane toad (Lair:2)
  A gargoyle (D:11)
  2 kobold demonologists
  A rime drake (Lair:1)
  An unseen horror (D:12)
  A freezing wraith (D:10)
  A rime drake (shapeshifter) (D:12)
  A komodo dragon (Lair:1)
  4 trolls
  4 blink frogs (Lair:1)
  4 slime creatures (D:12)
  Sigmund (D:5)
  2 shadows
  31 yaks
  Menkaure (D:7)
  3 steam dragons
  2 vampire mosquitoes (D:7)
  The ghost of Omnilove the Insei, an amateur OpTm (D:4)
  2 wargs
  11 water moccasins
  9 orc warriors
  A swamp drake (D:9)
  A sky beast (D:5)
  3 ice beasts
  3 ogres
  5 centaurs
  A phantom (D:6)
  A kobold brigand (D:7)
  7 bullfrogs
  2 gnoll sergeants
  2 scorpions (D:5)
  9 killer bees (D:9)
  4 wights (D:7)
  10 howler monkeys
  A centaur zombie (D:9)
  5 hounds
  6 jellies
  2 centaur skeletons
  A gnoll shaman (D:7)
  Crazy Yiuf (D:5)
  11 orc priests
  2 bullfrog skeletons
  8 orc wizards
  A hound zombie (D:3)
  23 gnolls
  8 adders
  A shadow imp (D:8)
  A white imp (D:5)
  2 ufetubi
  An adder skeleton (D:3)
  A worm (D:2)
  3 dart slugs
  51 orcs
  7 ball pythons
  8 bats
  14 endoplasms
  2 giant cockroaches (D:1)
  5 goblins
  5 hobgoblins
  7 jackals (D:1)
  A quokka (D:1)
  3 frilled lizards
  15 kobolds
  6 rats
354 creatures vanquished.

Vanquished Creatures (others)
  11 fungi
  21 plants
32 creatures vanquished.

Grand Total: 386 creatures vanquished

Notes
Turn   | Place    | Note
-------+----------+-------------------------------------------
     0 | D:1      | Peloso the Minotaur Fighter began the quest for the Orb.
     0 | D:1      | Reached XP level 1. HP: 19/19 MP: 0/0
   215 | D:1      | Reached XP level 2. HP: 25/27 MP: 1/1
   315 | D:1      | You fall into a shaft and drop 1 floor!
   419 | D:2      | Reached XP level 3. HP: 24/33 MP: 2/2
  1400 | D:1      | Reached XP level 4. HP: 41/41 MP: 3/3
  2254 | D:3      | Reached skill level 1 in Dodging
  2886 | D:4      | Reached skill level 5 in Armour
  2886 | D:4      | Reached XP level 5. HP: 33/47 MP: 4/4
  3071 | D:4      | Found a staircase to the Ecumenical Temple.
  3079 | Temple   | Entered the Ecumenical Temple
  3377 | Temple   | Became a worshipper of Warmaster Okawaru
  3636 | D:4      | Identified the +1 halberd of the Dead {venom, rElec rC+
                  | Str-5}
  3732 | D:4      | Noticed a water moccasin
  3736 | D:4      | Reached XP level 6. HP: 46/53 MP: 5/5
  3745 | D:4      | Killed a water moccasin
  3745 | D:4      | Reached * piety under Okawaru
  3746 | D:4      | Reached skill level 5 in Long Blades
  4049 | D:4      | Noticed Omnilove's ghost (amateur OpTm)
  4056 | D:4      | Found a transporter.
  4056 | D:4      | Found a transporter.
  4069 | D:5      | Entered Level 5 of the Dungeon
  4152 | D:5      | Noticed an ice beast
  4156 | D:5      | Killed an ice beast
  4157 | D:5      | Reached skill level 5 in Fighting
  4168 | D:5      | Noticed a water moccasin
  4174 | D:5      | Killed a water moccasin
  4175 | D:5      | Reached XP level 7. HP: 32/61 MP: 6/6
  4354 | D:5      | Noticed Sigmund
  4358 | D:5      | Killed Sigmund
  4358 | D:5      | Reached ** piety under Okawaru
  4439 | D:5      | Found a runed translucent door.
  4440 | D:5      | Noticed Crazy Yiuf
  4604 | D:5      | Noticed Pikel
  4614 | D:5      | Killed Pikel
  4615 | D:5      | Reached XP level 8. HP: 66/70 MP: 7/7
  4643 | D:5      | Found a shadowy altar of Dithmenos.
  4655 | D:5      | Reached skill level 5 in Shields
  4668 | D:5      | Reached *** piety under Okawaru
  5151 | D:5      | Killed Crazy Yiuf
  6015 | D:6      | Reached XP level 9. HP: 69/79 MP: 5/8
  6489 | D:7      | Noticed Menkaure
  6495 | D:7      | Killed Menkaure
  6499 | D:7      | Reached **** piety under Okawaru
  6500 | D:7      | Reached skill level 10 in Long Blades
  6872 | D:7      | Found a transporter.
  6883 | D:7      | Noticed Tali's ghost (novice DsBe)
  6884 | D:7      | Noticed a moth of wrath
  6898 | D:7      | Found a transporter.
  7130 | D:7      | Reached skill level 1 in Stealth
  7182 | D:7      | Reached skill level 1 in Invocations
  8244 | D:9      | Reached skill level 10 in Armour
  8432 | D:9      | Reached XP level 10. HP: 83/88 MP: 6/9
  9150 | D:9      | Noticed a two-headed ogre
  9177 | D:9      | Killed a two-headed ogre
  9177 | D:9      | Reached ***** piety under Okawaru
  9306 | D:9      | Reached skill level 1 in Evocations
  9307 | D:9      | Found a staircase to the Orcish Mines.
  9307 | D:9      | Noticed a two-headed ogre
  9340 | D:9      | Killed a two-headed ogre
  9737 | D:4      | Identified the +5 falchion "Lad Kigg" {vorpal, Fly}
  9877 | D:4      | Killed Omnilove's ghost
 10237 | D:10     | Entered Level 10 of the Dungeon
 10252 | D:10     | Received a gift from Okawaru
 10391 | D:10     | Found a staircase to the Lair.
 10504 | D:10     | Found a runed translucent door.
 10520 | D:10     | Noticed CryoSword's ghost (journeyman VSTm)
 10530 | D:10     | Reached XP level 11. HP: 24/95 MP: 11/11
 10897 | D:10     | Identified the +1 arbalest "Etirphek" {speed, rN+}
 11235 | D:10     | Killed CryoSword's ghost
 12090 | D:7      | Killed Tali's ghost
 12528 | D:11     | Identified the +0 crystal plate armour "Lisu" {Harm rC-
                  | Int+3} (Okawaru gifted it to you on level 11 of the
                  | Dungeon)
 12528 | D:11     | Received a gift from Okawaru
 12827 | D:11     | Found Hauwusuw's General Store.
 12908 | Lair:1   | Entered Level 1 of the Lair of Beasts
 13185 | Lair:1   | Noticed an oklob plant
 13502 | Lair:1   | You are sucked into a shaft and drop 1 floor!
 13557 | Lair:2   | Reached XP level 12. HP: 52/106 MP: 9/12
 13562 | Lair:2   | Reached skill level 10 in Fighting
 13734 | Lair:2   | Reached skill level 10 in Shields
 13771 | Lair:2   | Found a staircase to the Swamp.
 13771 | Lair:2   | Noticed a seven-headed hydra
 13957 | D:12     | Noticed a boulder beetle
 13981 | D:12     | Killed a boulder beetle
 14284 | D:12     | Noticed a five-headed hydra
 14290 | D:12     | Killed a five-headed hydra
 14290 | D:12     | Reached ****** piety under Okawaru
 14345 | D:12     | Found a broken altar of Ashenzari.
 14414 | D:12     | Noticed Nergalle
 14435 | D:12     | Killed Nergalle
 14634 | D:12     | Noticed Nessos
 14650 | D:12     | Killed Nessos
 14684 | D:12     | Received a gift from Okawaru
 14832 | D:12     | Found Asaco's Antique Weapon Shoppe.
 14936 | D:13     | Noticed an eight-headed hydra
 15049 | Orc:1    | Entered Level 1 of the Orcish Mines
 15457 | Orc:2    | Entered Level 2 of the Orcish Mines
 15468 | Orc:2    | Noticed an orc warlord
 15872 | Orc:1    | HP: 2/110 [orc warlord/+0 battleaxe (29)]
 15873 | Orc:1    | Annihilated by an orc warlord

Illustrated notes

Levels and vault maps discovered:
D:1:      matt_arrival_grand_opening, layout_basic
D:2:      layout_basic, minivault_27, nicolae_figureground_pulse
D:3:      layout_loops_ring
D:4:      layout_basic, minmay_temple_entry_offerings,
          gammafunk_ghost_gnarly_gnolls, amethyst_killhole, skrybe_limestone_x
D:5:      layout_loops_ring, nicolae_dithmenos_shadow_blocks,
          columned_hall_lemuel, hangedman_decor_diamond_cutter, uniq_sigmund,
          uniq_pikel, uniq_crazy_yiuf_cottage
D:6:      layout_loops_ring
D:7:      layout_basic, gammafunk_ghost_berserking_beasts, uniq_menkaure
D:8:      layout_cave_pools
D:9:      layout_rooms, erik_orc_1, special_room [special_room_orc]
D:10:     layout_big_octagon, dpeg_oklobed_lair, gammafunk_ghost_grave,
          grunt_decor_clamped, grunt_decor_arrowhead
D:11:     layout_cave_pools, serial_shops, nicolae_shop_advertising_works
          [nicolae_subvault_shop_adworks]
D:12:     layout_gridville, serial_shops, nicolae_lakefront_shop,
          nicolae_ashenzari_skybound, uniq_nessos, uniq_nergalle
D:13:     layout_grid_maze, kennysheep_generic_room_9, uniq_josephine,
          uniq_azrael
Temple:   mainiacjoe_temple_hex_bubbles
Lair:1:   lemuel_slime, layout_gridlike, chequers_serial_rivers_micro_d,
          lemuel_fruit_tree, serial_bayou_shore_b
Lair:2:   layout_gridlike, minmay_swamp_entry_reptiles,
          spider_nest_entry_funnel_web, infiniplex_staircase_pool_2,
          grunt_megastairs_4, lemuel_fruit_fields
Orc:1:    layout_diamond_mine, nicolae_shop_gadgets
Orc:2:    st_orc_ogre_mass, layout_diamond_mine, special_room

Skill      XL: |  1  2  3  4  5  6  7  8  9 10 11 12 |
---------------+-------------------------------------+-----
Fighting       | 4 5 6 7 8 9 11 | 11.5
Armour         | 4 5 6 7 8 10 11 13 14 | 14.0
Shields        | 4 5 7 9 11 | 11.1
Long Blades    | 3 4 6 7 9 11 12 13 14 | 14.9
Dodging        | 1 2 |  2.8
Stealth        | 1 2 3 |  3.3
Invocations    | 1 2 |  2.6
Evocations     | 2 3 |  3.1

Action                   |  1- 3 |  4- 6 |  7- 9 | 10-12 || total
-------------------------+-------+-------+-------+-------++-------
Melee: Long sword        |    83 |   118 |   221 |   105 ||   527
       Headbutt          |    11 |    17 |    33 |   150 ||   211
       Falchion          |       |       |       |   529 ||   529
Invok: Heroism           |       |       |     7 |    22 ||    29
Evoke: Wand              |       |       |     4 |    21 ||    25
  Use: Potion            |     4 |       |       |     1 ||     5
       Scroll            |     3 |     2 |     5 |     5 ||    15
 Stab: Paralysed         |       |       |       |     9 ||     9
Armor: Scale mail        |    50 |    44 |       |       ||    94
       Plate armour      |       |    35 |   137 |   259 ||   431
       Skin              |       |       |       |     7 ||     7
Dodge: Dodged            |    48 |    40 |    64 |   170 ||   322
Block: Buckler           |    20 |    25 |    35 |       ||    80
       Kite shield       |       |       |    37 |   299 ||   336
